 Dungeon Crawl Stone Soup version 0.29.1-12-g30fa7ad0bf (webtiles) character file.

Game seed: 15948891599668932392

82 mopl the Chopper (level 4, -6/35 HPs)
             Began as a Formicid Warper on Jan 5, 2023.
             Mangled by Natasha (7 damage)
             ... on level 2 of the Dungeon.
             The game lasted 00:02:17 (2048 turns).

mopl the Chopper (Formicid Warper)                  Turns: 2048, Time: 00:02:17

Health: -6/35      AC:  8    Str: 17    XL:     4   Next: 70%
Magic:  0/7        EV:  7    Int: 13    God:
Gold:   77         SH:  0    Dex: 13    Spells: 7/7 levels left

rFire   . . .      SeeInvis +   a - +0 hand axe
rCold   . . .      Faith    .   (no shield)
rNeg    . . .      Spirit   +   e - +0 chain mail
rPois   .          Reflect  .   (helmet unavailable)
rElec   .          Harm     .   (no cloak)
rCorr   .          Rampage  .   (no gloves)
Will    .....                   (no boots)
Stlth   ..........              h - amulet of guardian spirit
HPRegen 0.11/turn               (no ring)
MPRegen 0.10/turn               (no ring)

@: no status effects
A: permanent stasis, dig shafts and tunnels, antennae 3, four strong arms
a: Dig, Shaft Self


You were on level 2 of the Dungeon.
You visited 1 branch of the dungeon, and saw 2 of its levels.

You collected 77 gold pieces.

Inventory:

Hand Weapons
 a - a +0 hand axe (weapon)
Missiles
 c - 7 boomerangs of dispersal (quivered)
Armour
 e - a +0 chain mail (worn)
Jewellery
 f - an amulet of magic regeneration
 h - an amulet of guardian spirit (around neck)
Scrolls
 d - 3 scrolls of identify
 j - 2 scrolls of teleportation {unknown}
Potions
 b - a potion of invisibility
 g - a potion of might
 i - a potion of curing {unknown}


   Skills:
 + Level 3.1 Fighting
 * Level 3.5 Axes
 - Level 1.0 Throwing
 + Level 2.3 Armour
 - Level 1.7 Dodging
 - Level 2.1 Spellcasting
 - Level 2.6 Translocations


You had 7 spell levels left.
You didn't know any spells.
Your spell library contained the following spells:

 Spells                   Type           Power      Damage    Failure   Level
 Gell's Gravitas          Tloc           8%         N/A       99%         3
 Lesser Beckoning         Tloc           8%         N/A       99%         3
 Teleport Other           Tloc           8%         N/A       99%         3
 Confusing Touch          Hex            1%         N/A       100%        3
 Conjure Flame            Conj/Fire      1%         6-21      100%        3
 Ignite Poison            Fire/Tmut/Pois 1%         N/A       100%        3
 Sticky Flame             Conj/Fire      1%         2d3       100%        4
 Manifold Assault         Tloc           8%         N/A       100%        5
 Yara's Violent Unravell  Hex/Tmut       0%         3d3       100%        5
 Enfeeble                 Hex            0%         N/A       100%        7
 Blink                    Tloc           Unusable   N/A       N/A         2

Dungeon Overview and Level Annotations

Branches:
Dungeon (2/15)

Altars:

Shops:
D:2 =

Annotations:
D:2 1 runed translucent door, Crazy Yiuf, Natasha


Innate Abilities, Weirdness & Mutations

You cannot be hasted, slowed, berserked, paralysed or teleported.
You can dig through walls and to a lower floor.
You have a pair of large antennae on your head. (SInv)
Your four strong arms can wield two-handed weapons with a shield.


Message History

The endoplasm hits you but does no damage.
You hit the endoplasm.
The endoplasm is almost dead.
You hit Natasha but do no damage.
You feel less confused.
Natasha casts a spell.
The endoplasm freezes you.
You are frozen.
* * * LOW HITPOINT WARNING * * *
You hit Natasha.
You kill Natasha!
Natasha screams in fury as she dies!
The iron imp disappears in a puff of smoke!
You hit the endoplasm.
You kill the endoplasm!
Your Fighting skill increases to level 3!
You start resting.
Magic restored.
You start resting.
You sense a monster nearby.
Something unseen opens the door.
There is an open door here.
Natasha, Servant of Life and Death comes into view.
She is carrying a wand of light (4).
Natasha hisses angrily.
Natasha growls.
Unknown command.
Natasha zaps a wand.
The bolt of light hits you!
You miss Natasha. Natasha barely misses you.
You hit Natasha.
Natasha is heavily wounded.
Natasha zaps a wand.
The bolt of light hits you!
You hit Natasha but do no damage.
Natasha is moderately wounded.
Natasha claws you.
* * * LOW HITPOINT WARNING * * *
You closely miss Natasha.
Natasha is moderately wounded.
Natasha zaps a wand.
The bolt of light hits you!
* * * LOW HITPOINT WARNING * * *
Natasha claws you!
You die...

#.....#####.....###+### #
##......# ##.##.......#
#......# #.##.......#
#[.....####...#......# ##
#..........##.######## #.
#.......#.)..(# ##
#.......#.....#########
#######.h.............####
#######@....#######.##..
#.......###.## #.#..#
#.#####'###..# #.#.##
#..†.....#.######.#.##
#........+........(...
#........###...##...##
#........# ###...>.##
#........# #######
#........#


You could see Natasha.

Vanquished Creatures
  Natasha (D:2)
  2 adders (D:2)
  A worm (D:2)
  3 ball pythons (D:1)
  3 endoplasms
  A giant cockroach (D:2)
  4 goblins (D:1)
  A hobgoblin (D:1)
  6 jackals (D:1)
  3 quokkas
  3 bats (D:2)
  4 frilled lizards
  A kobold (D:2)
  3 rats
36 creatures vanquished.

Vanquished Creatures (others)
  2 demonic plants (D:1)
2 creatures vanquished.

Grand Total: 38 creatures vanquished

Notes
Turn   | Place    | Note
-------+----------+-------------------------------------------
     0 | D:1      | mopl the Formicid Warper began the quest for the Orb.
     0 | D:1      | Reached XP level 1. HP: 16/16 MP: 3/3
   528 | D:1      | Reached XP level 2. HP: 23/23 MP: 5/5
   857 | D:1      | Reached XP level 3. HP: 20/28 MP: 6/6
   960 | D:1      | Found a faded altar of an unknown god.
   960 | D:1      | Noticed a Brimstone Fiend
  1303 | D:2      | Found Kuyffi's Jewellery Boutique.
  1456 | D:2      | Reached skill level 3 in Axes
  1477 | D:2      | Reached skill level 2 in Armour
  1501 | D:2      | Found a runed translucent door.
  1502 | D:2      | Noticed Crazy Yiuf
  1544 | D:2      | Reached XP level 4. HP: 15/34 MP: 5/7
  1876 | D:2      | Noticed Natasha
  1884 | D:2      | Killed Natasha
  1885 | D:2      | Reached skill level 3 in Fighting
  2043 | D:2      | Noticed Natasha
  2048 | D:2      | HP: 1/35 [Natasha/bolt of light (8)]
  2048 | D:2      | Mangled by Natasha

Illustrated notes

Levels and vault maps discovered:
D:1:      reono_arrival_forest_river, layout_loops_corners,
          dreamdust_ecumenical_altar_sealed_demon
D:2:      layout_basic, serial_shops, shop, uniq_crazy_yiuf_cottage,
          uniq_natasha

Skill      XL: |  1  2  3  4 |
---------------+-------------+-----
Axes           | 3 |  3.5
Armour         | 2 |  2.3
Fighting       | 3 |  3.1
Throwing       | |  1.0
Dodging        | |  1.7
Spellcasting   | |  2.1
Translocations | |  2.6

Action                   |  1- 3 |  4- 6 || total
-------------------------+-------+-------++-------
Melee: Hand axe          |   111 |    17 ||   128
       Punch             |     2 |     1 ||     3
  Use: Scroll            |     3 |       ||     3
Armor: Leather armour    |     7 |       ||     7
       Chain mail        |    52 |     4 ||    56
Dodge: Dodged            |    57 |     7 ||    64
